 Dungeon Crawl Stone Soup version 0.28-a0-1510-gd0f6b136d3 (webtiles) character file.

Game seed: 6942177831646730120

333 psuckher the Digger (level 6, 0/33 HPs)
             Began as a Gargoyle Earth Elementalist on Jan 15, 2022.
             Was a Believer of Makhleb.
             Slain by a worm (3 damage)
             ... on level 3 of the Dungeon.
             The game lasted 00:21:44 (2388 turns).

psuckher the Digger (Gargoyle Earth Elementalist)   Turns: 2388, Time: 00:21:45

Health: 0/33       AC:  8    Str: 11    XL:     6   Next: 53%
Magic:  10/11      EV: 12    Int: 18    God:    Makhleb [**....]
Gold:   523        SH:  0    Dex: 16    Spells: 8/12 levels left

rFire   . . .      SeeInvis .   l - +0 short sword
rCold   . . .      Faith    .   (no shield)
rNeg    + . .      Spirit   .   (no armour)
rPois   ∞          Reflect  .   (no helmet)
rElec   +          Harm     .   (no cloak)
rCorr   .          Rampage  .   (no gloves)
Will    .....                   (no boots)
Stlth   ++........              (no amulet)
HPRegen 0.11/turn               a - +4 ring of protection
MPRegen 0.12/turn               e - +6 ring of dexterity

@: no status effects
A: sickness immunity, AC +4, negative energy resistance 1, electricity
resistance, torment resistance 1, petrification resistance
a: Renounce Religion, Minor Destruction


You were on level 3 of the Dungeon.
You worshipped Makhleb.
Makhleb was pleased with you.
You visited 1 branch of the dungeon, and saw 3 of its levels.

You collected 523 gold pieces.

Inventory:

Hand Weapons
 j - a +0 dagger
 l - a +0 short sword (weapon)
 p - a +0 scythe
Armour
 b - a +0 robe
 s - the +8 chain mail of Negation {rC+ Regen+ Stlth-}
   (You found it on level 3 of the Dungeon)

   rC:        It protects you from cold.
   Regen:     It increases your rate of health regeneration.
   Stlth:     It makes you less stealthy.
Jewellery
 a - a +4 ring of protection (left hand)
 e - a +6 ring of dexterity (right hand)
Scrolls
 c - a scroll of teleportation
 g - a scroll of immolation
 o - a scroll of identify
 q - a scroll of amnesia {unknown}
 r - a scroll of brand weapon {unknown}
Potions
 d - a potion of berserk rage
 f - a potion of mutation {unknown}
 h - a potion of haste {unknown}
 k - a potion of curing {unknown}
 m - 3 potions of attraction


   Skills:
 + Level 0.9 Fighting
 + Level 0.7 Short Blades
 + Level 2.0 Dodging
 + Level 3.0 Stealth
 + Level 0.1 Unarmed Combat
 * Level 3.9 Spellcasting
 + Level 0.7 Transmutations
 * Level 5.6 Earth Magic
 * Level 2.0 Invocations


You had 8 spell levels left.
You knew the following spells:

 Your Spells              Type           Power      Damage    Failure   Level
a - Sandblast             Erth           48%        2d12      1%          1
b - Stone Arrow           Conj/Erth      26%        3d8       14%         3

Your spell library contained the following spells:

 Spells                   Type           Power      Damage    Failure   Level
 Passwall                 Tmut/Erth      12%        N/A       6%          2
 Petrify                  Tmut/Erth      15%        N/A       36%         4
 Confusing Touch          Hex            3%         N/A       41%         3
 Borgnjor's Vile Clutch   Necr/Erth      6%         N/A       78%         5
 Animate Dead             Necr           1%         N/A       83%         4
 Yara's Violent Unravell  Hex/Tmut       2%         3d3       98%         5
 Death Channel            Necr           1%         N/A       100%        6
 Enfeeble                 Hex            1%         N/A       100%        7


Dungeon Overview and Level Annotations

Branches:
Dungeon (3/15)

Altars:
Makhleb


Innate Abilities, Weirdness & Mutations

You are immune to sickness and miasma.
Your stone body is resilient. (AC +4)
You are immune to poison.
You resist negative energy. (rN+)
You are resistant to electric shocks. (rElec)
You are resistant to unholy torment.
You are immune to petrification.


Message History

Makhleb accepts your kill.
You feel better.
You hit the worm.
The worm is lightly wounded.
You hit the worm.
The worm is moderately wounded.
The worm misses you.
You hit the worm.
The worm is heavily wounded.
The worm bites you but does no damage.
You hit the worm.
The worm is heavily wounded.
You hit the worm.
The worm is severely wounded.
The worm bites you.
* * * LOW HITPOINT WARNING * * *
You hit the worm.
The worm is severely wounded.
You recover from your berserk rage.
You hit the worm but do no damage.
The worm is severely wounded.
The worm misses you.
You hit the worm.
The worm is severely wounded.
The worm bites you.
* * * LOW HITPOINT WARNING * * *
You climb upwards.
There is a stone staircase leading down here.
The worm closely misses you.
You climb downwards.
There is a stone staircase leading up here.
You hit the worm but do no damage.
The worm is severely wounded.
You hit the worm.
The worm is severely wounded.
The worm misses you.
You hit the worm.
The worm is almost dead.
The worm bites you.
You die...

#....##### #.#
##...## ..# #....#
## # ##..#....####.
#...####.#...
#...#.## ...##.#
....###..###.......
...# ##.##w..# ...
# ..#
####..†@#.##..# #
.. #.....###......
.. #.###..........
# .. ##..#......
... #####.).......
.# ##...).........
####..#.##....####
.........).####
...##.>#.###


You could see a worm.

Vanquished Creatures
  Sigmund (D:2)
  Ijyb (D:3)
  4 adders
  3 gnolls (D:3)
  2 worms
  A dart slug (D:3)
  2 orcs (D:3)
  6 endoplasms
  6 giant cockroaches
  10 goblins
  11 hobgoblins
  A quokka (D:3)
  3 ball pythons (D:1)
  6 bats
  3 frilled lizards
  4 kobolds
  A rat (D:2)
65 creatures vanquished.

Notes
Turn   | Place    | Note
-------+----------+-------------------------------------------
     0 | D:1      | psuckher the Gargoyle Earth Elementalist began the quest
                  | for the Orb.
     0 | D:1      | Reached XP level 1. HP: 10/10 MP: 3/3
    34 | D:1      | Found a faded altar of an unknown god.
    82 | D:1      | Prayed at the altar of an unknown god.
    82 | D:1      | Became a worshipper of Makhleb the Destroyer
    82 | D:1      | Reached * piety under Makhleb
   133 | D:1      | Reached XP level 2. HP: 14/15 MP: 1/5
   151 | D:1      | Identified a scroll of acquirement
   151 | D:1      | Acquired 421 gold pieces
   616 | D:1      | Reached XP level 3. HP: 19/19 MP: 4/6
   619 | D:1      | Reached skill level 4 in Earth Magic
   906 | D:1      | Reached ** piety under Makhleb
  1271 | D:2      | Reached XP level 4. HP: 20/24 MP: 5/8
  1299 | D:2      | Noticed Sigmund
  1320 | D:2      | Killed Sigmund
  1321 | D:2      | Reached skill level 5 in Earth Magic
  1321 | D:2      | Reached skill level 1 in Invocations
  1321 | D:2      | Reached XP level 5. HP: 19/28 MP: 4/10
  1321 | D:2      | Reached XP level 6. HP: 22/32 MP: 4/11
  2136 | D:3      | Noticed Ijyb
  2168 | D:3      | Killed Ijyb
  2204 | D:3      | Learned a level 3 spell: Stone Arrow
  2311 | D:3      | Identified the +8 chain mail of Negation {rC+ Regen+
                  | Stlth-}
  2388 | D:3      | Slain by a worm

Illustrated notes

Levels and vault maps discovered:
D:1:      mushboom_english_gardens, layout_loops_ring,
          hellmonk_ecumenical_altar_blasted
D:2:      layout_basic, uniq_sigmund
D:3:      layout_rooms, uniq_ijyb

Skill      XL: |  1  2  3  4  5  6 |
---------------+-------------------+-----
Earth Magic    | 4 5 |  5.6
Dodging        | 2 |  2.0
Stealth        | 3 |  3.0
Spellcasting   | 3 |  3.9
Invocations    | 1 2 |  2.0
Fighting       | |  0.9
Short Blades   | |  0.7
Unarmed Combat | |  0.1
Transmutations | |  0.7

Action                   |  1- 3 |  4- 6 || total
-------------------------+-------+-------++-------
Melee: Unarmed           |    18 |       ||    18
       Short sword       |    16 |    89 ||   105
       Punch             |       |     1 ||     1
 Cast: Sandblast         |    35 |    23 ||    58
       Stone Arrow       |       |     6 ||     6
Invok: Minor Destruction |     6 |     4 ||    10
  Use: Scroll            |     2 |     4 ||     6
       Potion            |       |     1 ||     1
Armor: Robe              |    14 |    43 ||    57
       Skin              |       |     2 ||     2
Dodge: Dodged            |    37 |    66 ||   103

Table legend: (Time is in decaauts)
 A = Elapsed time spent in this place.
 B = Non-inter-level travel time spent in this place.
 C = Inter-level travel time spent in this place.
 D = Time resting spent in this place.
 E = Time spent auto-exploring this place.
 F = Levels seen in this place.
 G = Mean time per level.
                   A        B        C        D        E       F      G
               +--------+--------+--------+--------+--------+-----+--------+
         Total |   2403 |   1961 |    442 |      0 |      0 |   3 |  801.0 |
       Dungeon |   2403 |   1961 |    442 |      0 |      0 |   3 |  801.0 |
               +--------+--------+--------+--------+--------+-----+--------+

Top non-repeatable levels by time:
     D:2: 1121 daAuts
     D:1: 934 daAuts
     D:3: 347 daAuts
